 Dungeon Crawl Stone Soup version 0.21.1-1-g345015f (webtiles) character file.

580 aMcNicky the Slasher (level 7, -1/61 HPs)
             Began as a Hill Orc Fighter on Mar 4, 2018.
             Was a Believer of Dithmenos.
             Slain by an orc priest (4 damage)
             ... on level 5 of the Dungeon.
             The game lasted 00:11:38 (5275 turns).

aMcNicky the Slasher (Hill Orc Fighter)             Turns: 5275, Time: 00:11:38

Health: -1/61      AC:  7    Str: 25    XL:     7   Next: 36%
Magic:  7/7        EV:  8    Int:  8    God:    Dithmenos [**....]
Gold:   225        SH:  9    Dex: 11    Spells: 6/6 levels left

rFire    . . .     SeeInvis .   a - +0 long sword
rCold    . . .     Gourm    .   c - +0 shield
rNeg     . . .     Faith    .   b - +0 scale mail
rPois    .         Spirit   .   (no helmet)
rElec    .         Reflect  .   (no cloak)
rCorr    .         Harm     .   (no gloves)
MR       .....                  (no boots)
Stlth    ..........             (no amulet)
HPRegen  0.20/turn              (no ring)
MPRegen  0.10/turn              (no ring)

@: mighty, slowed, wreathed by umbra, very slow
A: no striking features
a: Shadow Step, Renounce Religion, Convert to Beogh


You were on level 5 of the Dungeon.
You worshipped Dithmenos.
Dithmenos was pleased with you.
You were hungry.

You visited 1 branch of the dungeon, and saw 5 of its levels.
You also visited: Ossuary.

You collected 225 gold pieces.

Inventory:

Hand Weapons
 a - a +0 long sword (weapon)
Armour
 b - a +0 scale mail (worn)
 c - a +0 shield (worn)
Jewellery
 s - an uncursed ring of poison resistance {unknown}
 x - a cursed amulet of inaccuracy {unknown}
Wands
 y - a wand of acid (9)
Scrolls
 g - a scroll of fear {unknown}
 i - 3 scrolls of magic mapping {unknown}
 j - a scroll of amnesia {unknown}
 l - 2 scrolls of teleportation {unknown}
 m - 2 scrolls of noise {unknown}
 n - 3 scrolls of enchant weapon {unknown}
 o - a scroll of fog {unknown}
 p - a scroll of remove curse {unknown}
 r - 4 scrolls of random uselessness {unknown}
 v - 6 scrolls of identify {unknown}
 A - a scroll of enchant armour {unknown}
Potions
 d - 2 potions of might
 e - 2 potions of invisibility {unknown}
 h - 3 potions of cancellation {unknown}
 k - 2 potions of curing {unknown}
 q - 2 potions of resistance {unknown}
 t - 2 potions of haste {unknown}
 u - 5 potions of degeneration {unknown}
 w - a potion of berserk rage {unknown}
 z - 2 potions of heal wounds {unknown}
Comestibles
 f - 6 rations


   Skills:
 + Level 5.4 Fighting
 * Level 5.9 Long Blades
 + Level 5.0 Armour
 + Level 2.1 Dodging
 - Level 3.2 Shields


You had 6 spell levels left.
You didn't know any spells.

Dungeon Overview and Level Annotations

Branches:
Dungeon (5/15)             Temple (0/1) D:4

Altars:
Dithmenos
Nemelex Xobeh
Trog
Wu Jian


Message History

You block the orc's attack.
You feel very mighty all of a sudden.
The orc wizard hits you but does no damage.
The orc wizard gestures at you while chanting.
You feel yourself slow down. You block the orc priest's attack.
The orc barely misses you.
You completely miss the orc wizard.
The orc wizard is severely wounded.
The orc wizard hits you but does no damage. x2
You block the orc priest's attack. The orc hits you but does no damage.
The orc priest mumbles some strange prayers to Beogh against you.
Beogh smites you!
* * * LOW HITPOINT WARNING * * *
The orc wizard misses you.
You closely miss the orc wizard.
The orc wizard is severely wounded.
The orc priest looks satisfied for a moment.
The orc wizard casts a spell.
The orc wizard blinks!
You block the orc's attack. The orc priest hits you.
You die...

.##.####.#####..#
... ...# #..#
..#.####.# #..#
.......#.# #..### #
#....#####....#
#..###..#.......##.#
#.......###...<.# .#
#.####..###.###.# #
#oo@o.......# #.#
#.o###..###.# #.#
#.o #..# #.. ..#
.... ...# ### ###
###.. .... ### .#.##
#. .. ..


You could see 2 orc priests, an orc wizard and 2 orcs.

Vanquished Creatures
  A water moccasin zombie (Ossuary)
  A scorpion (D:4)
  A howler monkey (D:4)
  A hound (D:4)
  2 orc wizards (D:4)
  5 big kobold zombies (Ossuary)
  2 mummies (Ossuary)
  A howler monkey zombie (D:5)
  2 gnolls (D:1)
  7 adders
  3 oozes
  3 adder zombies (Ossuary)
  2 adder skeletons (D:4)
  A worm (D:2)
  2 dart slugs (D:2)
  7 leopard geckos
  14 orcs
  6 bats
  4 giant cockroaches
  5 goblins
  8 hobgoblins
  6 jackals (D:3)
  2 quokkas (D:3)
  4 ball pythons
  5 frilled lizards
  A giant cockroach zombie (D:5)
  A gnoll zombie (Ossuary)
  2 hobgoblin zombies (Ossuary)
  7 kobolds
  6 kobold zombies (Ossuary)
  3 orc zombies (Ossuary)
  5 rats
120 creatures vanquished.

Notes
Turn   | Place    | Note
-------+----------+-------------------------------------------
     0 | D:1      | aMcNicky the Hill Orc Fighter began the quest for the Orb.
     0 | D:1      | Reached XP level 1. HP: 19/19 MP: 1/1
    16 | D:1      | Reached XP level 2. HP: 27/27 MP: 2/2
    43 | D:1      | Reached XP level 3. HP: 27/33 MP: 3/3
  1198 | D:2      | Reached XP level 4. HP: 40/40 MP: 4/4
  1627 | D:2      | Found a shadowy altar of Dithmenos.
  1629 | D:2      | Found a sparkling altar of Nemelex Xobeh.
  1637 | D:2      | Found a bloodstained altar of Trog.
  1658 | D:2      | Became a worshipper of Dithmenos the Shadowed
  2292 | D:3      | Reached XP level 5. HP: 43/47 MP: 5/5
  2582 | D:3      | Found a faded altar of an unknown god.
  2945 | D:3      | Found an ornate altar of the Wu Jian Council.
  3364 | D:3      | Reached skill level 1 in Dodging
  3373 | D:3      | Found a sparkling altar of Nemelex Xobeh.
  3422 | D:3      | Reached * piety under Dithmenos
  3806 | D:4      | Reached XP level 6. HP: 55/55 MP: 6/6
  3845 | D:4      | Reached skill level 5 in Long Blades
  3863 | D:4      | Reached skill level 5 in Fighting
  4046 | D:4      | Found a sand-covered staircase.
  4054 | Ossuary  | Entered an ossuary
  4284 | Ossuary  | Reached XP level 7. HP: 42/61 MP: 7/7
  4795 | D:4      | Found a staircase to the Ecumenical Temple.
  4919 | D:4      | Reached ** piety under Dithmenos
  4929 | D:4      | Reached skill level 5 in Armour
  5219 | D:5      | Entered Level 5 of the Dungeon
  5274 | D:5      | HP: 3/61 [orc priest/divine providence (11)]
  5275 | D:5      | Slain by an orc priest

Skill      XL: |  1  2  3  4  5  6  7 |
---------------+----------------------+-----
Fighting       | 4 5 |  5.4
Long Blades    | 3 4 5 |  5.9
Armour         | 4 5 |  5.0
Dodging        | 1 2 |  2.1
Shields        | |  3.2

Action                   |  1- 3 |  4- 6 |  7- 9 || total
-------------------------+-------+-------+-------++-------
Melee: Long sword        |    82 |   351 |    85 ||   518
  Use: Potion            |       |       |     1 ||     1
  Eat: Chunk             |     1 |    10 |       ||    11
       Ration            |       |     1 |       ||     1
Armor: Scale mail        |    44 |   136 |    31 ||   211
Dodge: Dodged            |    29 |    96 |    23 ||   148
Block: Shield            |    40 |   148 |    32 ||   220
       Rpst.: Long sword |     6 |    36 |     8 ||    50
